 Dungeon Crawl Stone Soup version 0.25.1-11-g244df3a29b (webtiles) character file.

Game seed: 14324091304711230495

13722 roflc0ptic the Martial Artist (level 12, 0/82 HPs)
             Began as an Octopode Transmuter on Nov 7, 2023.
             Was an Elder of Sif Muna.
             Slain by a stone giant (14 damage)
             ... in a volcano.
             The game lasted 00:34:02 (15887 turns).

roflc0ptic the Martial Artist (OpTm)               Turns: 15887, Time: 00:34:02

Health: 0/82       AC:  2    Str: 13    XL:     12   Next: 9%
Magic:  0/24       EV: 31    Int: 18    God:    Sif Muna [****..]
Gold:   616        SH:  0    Dex: 18    Spells: 7/15 levels left

rFire    . . .     SeeInvis .     - Unarmed
rCold    + . .     Gourm    .   (shield currently unavailable)
rNeg     + + +     Faith    .   (helmet currently unavailable)
rPois    .         Spirit   +   y - amulet of guardian spirit
rElec    .         Reflect  .   b - ring of wizardry
rCorr    .         Harm     .   q - ring of the Barnacle {+Inv rN+ Str+2}
MR       .....                  t - ring of wizardry
Stlth    +.........             x - ring of positive energy
HPRegen  0.23/turn              E - ring of protection from cold
MPRegen  0.19/turn              I - ring of magical power
                                G - ring of positive energy
                                L - ring of poison resistance

@: confused, spider-form (expiring), hasted, very quick
A: tiny, almost no armour, stealthy swim, (amphibious), 8 rings, (constrict 8)
a: End Transformation, Channel Magic, Forget Spell, Divine Exegesis, Renounce
Religion, Evoke Invisibility


You were in a volcano.
You worshipped Sif Muna.
Sif Muna was greatly pleased with you.
You were not hungry.
You were a venomous arachnid creature.
You visited 2 branches of the dungeon, and saw 12 of its levels.
You also visited: Volcano.

You collected 616 gold pieces.

Inventory:

Missiles
 a - 159 arrows
Jewellery
 b - a ring of wizardry (left front leg)
 k - an uncursed ring of ice
 q - the ring of the Barnacle (right front leg) {+Inv rN+ Str+2}
   (You found it on level 5 of the Dungeon)

   [ring of positive energy]

   It affects your strength (+2).
   It protects you from negative energy.
   It lets you turn invisible.
 t - a ring of wizardry (on tentacle)
 x - a ring of positive energy (on tentacle)
 y - an amulet of guardian spirit (around neck)
 E - a ring of protection from cold (on tentacle)
 G - a ring of positive energy (on tentacle)
 I - a ring of magical power (on tentacle)
 L - a ring of poison resistance (on tentacle)
Wands
 s - a wand of disintegration (12)
 v - a wand of random effects (18)
 H - a wand of digging (7)
 M - a wand of acid (3)
Scrolls
 d - a scroll of magic mapping
 e - a scroll of vulnerability {unknown}
 g - 2 scrolls of amnesia {unknown}
 i - 7 scrolls of teleportation
 l - 6 scrolls of remove curse {unknown}
 m - 2 scrolls of immolation {unknown}
 n - 2 scrolls of noise {unknown}
 o - 3 scrolls of blinking {unknown}
 r - a scroll of brand weapon {unknown}
 u - 2 scrolls of enchant armour {unknown}
 B - 2 scrolls of random uselessness {unknown}
 C - 2 scrolls of enchant weapon {unknown}
Potions
 h - a potion of curing
 j - 5 potions of flight
 p - a potion of degeneration
 w - a potion of might {unknown}
 z - 2 potions of lignification
 A - 3 potions of stabbing
 F - a potion of magic {unknown}
 J - 2 potions of brilliance
Comestibles
 c - 17 rations


   Skills:
 - Level 7.8 Fighting
 - Level 11.3 Dodging
 + Level 12.6 Unarmed Combat
 - Level 2.0 Spellcasting
 - Level 5.3 Transmutations


You had 7 spell levels left.
You knew the following spells:

 Your Spells              Type           Power        Failure   Level  Hunger
a - Beastly Appendage     Tmut           ###...       2%          1    #......
b - Sticks to Snakes      Tmut           ###.....     3%          2    ###....
c - Spider Form           Tmut/Pois      ##........   11%         3    ###....
d - Blink                 Tloc           N/A          14%         2    ###....

Your spell library contained the following spells:

 Spells                   Type           Power        Failure   Level  Hunger
 Magic Dart               Conj           #...         11%         1    #......
 Call Imp                 Summ           #.......     14%         2    ###....
 Slow                     Hex            #.......     14%         2    ###....
 Conjure Flame            Conj/Fire      #.......     24%         3    ###....
 Mephitic Cloud           Conj/Pois/Air  #.......     24%         3    ###....
 Blade Hands              Tmut           ###.......   26%         5    ######.
 Ice Form                 Ice/Tmut       ##......     28%         4    #####..


Dungeon Overview and Level Annotations

Branches:
Dungeon (10/15)            Temple (0/1) D:5            Lair (2/6) D:8
 Shoals (0/4) Lair:2        Snake (0/4) Lair:2          Orc (0/2) D:10
Volcano (1/1)

Altars:
Ashenzari
Dithmenos
Elyvilon
Fedhas
Hepliaklqana
Kikubaaqudgha
Makhleb
Okawaru
Ru
Sif Muna
Uskayaw
Vehumet
Wu Jian
Xom

Shops:
D:9 =

Annotations:
D:4 exclusion: door
D:6 3 runed translucent doors, tkbsonic5's ghost, novice NaFi
D:8 1 runed translucent door


Innate Abilities, Weirdness & Mutations

You cannot wear most types of armour.
You are very stealthy in the water. (Stealth+)
((You are amphibious.))
You can wear up to eight rings at the same time.
((You can use your tentacles to constrict eight enemies at once.))
((Your skin changes colour to match your surroundings (Stealth+).))
((Your rubbery body absorbs attacks. (AC +1, EV +1)))


Message History

The stone giant is heavily wounded.
Unknown command.
You hit the stone giant.
The stone giant looks as sick as possible!
The stone giant is heavily wounded.
The stone giant hits you!!
* * * LOW HITPOINT WARNING * * *
You feel better.
You bite the stone giant!
The stone giant looks as sick as possible!
The stone giant is severely wounded.
The stone giant hits you!!
* * * LOW HITPOINT WARNING * * *
You are confused.
You feel invigorated.
You hit the stone giant but do no damage.
The stone giant looks as sick as possible!
The stone giant is severely wounded.
The stone giant hits you!!
You die...

§≈≈§§.#..)...#.# ○≈≈ ≈≈
≈§≈≈..#..[.#.#.# §§
≈§≈§§.#....#.#.# ≈§
≈§≈≈..#..).#.#.# §§
≈≈≈≈≈.######.#.# ≈≈
§§≈§≈.#......#.# ≈§
§§≈≈§.###''###)### ###
≈§≈≈..#....#.....# ...#
§§§≈§.#.∩..#.8_8s#..∩.#
≈§≈≈≈.#....'....(C....#
≈§§≈≈.#################
§≈≈≈§≈..§.... ≈ §§§§≈≈≈§≈≈§≈≈ ≈§§
§.§≈≈§§§≈§≈≈≈§≈≈§§≈≈§§≈≈§≈§§≈≈§§§
§≈§≈§§§≈§≈≈≈≈≈§≈≈§≈≈≈≈≈≈§§§§≈≈≈§≈
≈≈≈§≈≈§§≈≈≈≈≈≈≈≈§≈≈≈≈§§≈≈§§§≈≈§§≈
≈≈≈≈≈≈§≈≈≈≈≈≈≈≈≈≈≈≈≈≈≈≈≈§≈≈≈§≈≈≈§


You could see a stone giant (extremely poisoned).

Vanquished Creatures
  2 unseen horrors (D:10)
  Joseph (D:9)
  2 spiny frogs
  A gargoyle (Volcano)
  A molten gargoyle (Volcano)
  2 kobold demonologists (D:7)
  A komodo dragon (D:10)
  An efreet (Volcano)
  A troll (D:10)
  4 blink frogs (Lair:2)
  A hippogriff (D:9)
  Sigmund (D:5)
  3 hogs (D:9)
  7 yaks
  Eustachio (D:4)
  A vampire (D:10)
  2 fire bats (Volcano)
  A human (D:9)
  2 fire elementals (Volcano)
  3 water moccasins
  5 porcupines
  3 ice beasts
  5 orc warriors
  2 sky beasts
  A phantom (D:5)
  A black bear (D:8)
  An eye of draining (D:8)
  4 wolves (Lair:1)
  4 ogres
  3 centaurs
  Blork the orc (D:5)
  5 big kobolds
  4 bullfrogs
  An earth elemental (Volcano)
  3 water moccasin zombies
  A scorpion (D:5)
  16 killer bees
  2 howler monkeys (D:10)
  5 lava snakes
  5 crimson imps
  2 centaur zombies
  2 hounds
  A bullfrog zombie (D:8)
  A jelly (D:9)
  3 orc priests
  2 centaur skeletons
  3 iguanas
  7 orc wizards
  14 worker ants
  A worker ant zombie (D:8)
  7 gnolls
  14 adders
  An ooze (D:4)
  An adder skeleton (D:5)
  2 adder zombies
  3 worms
  A dart slug (D:4)
  5 leopard geckos
  33 orcs
  A ball python (D:3)
  A bat (D:3)
  9 giant cockroaches
  7 goblins
  3 hobgoblins
  4 jackals
  22 kobolds
  A quokka (D:4)
  6 frilled lizards
  A leopard gecko zombie (D:5)
  4 rats
272 creatures vanquished.

Vanquished Creatures (others)
  7 fungi
  2 plants (D:6)
9 creatures vanquished.

Grand Total: 281 creatures vanquished

Notes
Turn   | Place    | Note
-------+----------+-------------------------------------------
     0 | D:1      | roflc0ptic the Octopode Transmuter began the quest for the
                  | Orb.
     0 | D:1      | Reached XP level 1. HP: 13/13 MP: 3/3
   130 | D:1      | Reached XP level 2. HP: 12/18 MP: 5/5
   692 | D:2      | Reached skill level 4 in Unarmed Combat
   695 | D:2      | Reached XP level 3. HP: 16/23 MP: 6/6
  1748 | D:3      | Found a shattered altar of Ashenzari.
  2070 | D:3      | Reached XP level 4. HP: 6/28 MP: 5/7
  2357 | D:3      | Reached skill level 5 in Unarmed Combat
  2677 | D:3      | Found a radiant altar of Vehumet.
  3097 | D:4      | Reached XP level 5. HP: 29/33 MP: 8/8
  3142 | D:4      | Found an iron altar of Okawaru.
  3329 | D:4      | Reached skill level 6 in Unarmed Combat
  4040 | D:4      | Learned a level 2 spell: Sticks to Snakes
  4044 | D:4      | Learned a level 3 spell: Spider Form
  4051 | D:4      | Reached XP level 6. HP: 38/38 MP: 9/9
  4311 | D:4      | Found a shimmering blue altar of Sif Muna.
  4326 | D:4      | Became a worshipper of Sif Muna the Loreminder
  4419 | D:4      | Noticed Eustachio
  4455 | D:4      | Killed Eustachio
  4755 | D:5      | Entered Level 5 of the Dungeon
  4997 | D:4      | Reached XP level 7. HP: 36/43 MP: 6/10
  5360 | D:5      | Reached skill level 5 in Transmutations
  5402 | D:5      | Got a fine bronze ring
  5813 | D:5      | Found a staircase to the Ecumenical Temple.
  5887 | D:5      | Identified the ring of the Barnacle {+Inv rN+ Str+2} (You
                  | found it on level 5 of the Dungeon)
  6007 | D:5      | Noticed Blork the orc
  6021 | D:5      | Killed Blork the orc
  6030 | D:5      | Reached skill level 7 in Unarmed Combat
  6042 | D:5      | Reached XP level 8. HP: 30/52 MP: 7/11
  6304 | D:5      | Noticed Sigmund
  6313 | D:5      | Killed Sigmund
  6626 | D:5      | Reached * piety under Sif Muna
  6690 | D:6      | Found a hide-covered altar of Uskayaw.
  6709 | D:6      | Found a runed translucent gate.
  6710 | D:6      | Found a runed translucent gate.
  6710 | D:6      | Noticed tkbsonic5's ghost (novice NaFi)
  6711 | D:6      | Found a runed translucent gate.
  6812 | D:6      | Found a shimmering altar of Xom.
  6857 | D:6      | Reached skill level 8 in Unarmed Combat
  6975 | D:6      | Reached skill level 5 in Fighting
  7112 | D:6      | Learned a level 2 spell: Blink
  7707 | D:7      | Reached XP level 9. HP: 51/61 MP: 8/12
  7769 | D:7      | Found the +5 robe of Night {Dark MR+ SInv}
  8166 | D:7      | Reached skill level 9 in Unarmed Combat
  8266 | D:7      | Reached ** piety under Sif Muna
  9035 | D:8      | Found a hide-covered altar of Uskayaw.
  9199 | D:8      | Reached skill level 5 in Dodging
  9246 | D:8      | Found a white marble altar of Elyvilon.
  9288 | D:8      | Noticed a kobold demonologist
  9300 | D:8      | Noticed a kobold demonologist
  9301 | D:8      | Noticed an orange demon
  9534 | D:8      | Noticed a smoke demon
  9540 | D:7      | Killed a kobold demonologist
  9540 | D:7      | Reached skill level 10 in Unarmed Combat
  9543 | D:8      | Noticed a soul eater
  9552 | D:7      | Killed a kobold demonologist
  9552 | D:7      | Reached XP level 10. HP: 59/66 MP: 11/13
 10244 | D:8      | Reached *** piety under Sif Muna
 10537 | D:8      | Found a staircase to the Lair.
 10575 | D:8      | Found a runed translucent door.
 10582 | D:8      | Found a runed translucent door.
 10587 | D:8      | Reached skill level 11 in Unarmed Combat
 11077 | D:9      | Found a shadowy altar of Dithmenos.
 11141 | D:9      | Found a sacrificial altar of Ru.
 11671 | D:9      | Found an ornate altar of the Wu Jian Council.
 11857 | D:9      | Found Pigec's Jewellery Boutique.
 12026 | D:9      | Noticed Joseph
 12043 | D:9      | Killed Joseph
 12214 | D:9      | Found a blossoming altar of Fedhas.
 12335 | D:9      | Found an ancient bone altar of Kikubaaqudgha.
 12439 | D:9      | Reached XP level 11. HP: 48/72 MP: 12/14
 12802 | D:10     | Entered Level 10 of the Dungeon
 12847 | D:10     | Reached skill level 12 in Unarmed Combat
 13149 | D:10     | Found a staircase to the Orcish Mines.
 13206 | D:10     | Killed an unseen horror
 13206 | D:10     | Reached **** piety under Sif Muna
 13396 | D:9      | Found a burning altar of Makhleb.
 13396 | D:9      | Found a hazy altar of Hepliaklqana.
 13488 | D:10     | Killed an unseen horror
 13488 | D:10     | Reached skill level 10 in Dodging
 14053 | Lair:1   | Entered Level 1 of the Lair of Beasts
 15068 | Lair:2   | Found a dark tunnel.
 15116 | Volcano  | Entered a volcano
 15602 | Volcano  | Found a bloodstained altar of Trog.
 15614 | Volcano  | Reached XP level 12. HP: 81/81 MP: 15/15
 15873 | Volcano  | Noticed a stone giant
 15887 | Volcano  | Slain by a stone giant

Illustrated notes

Levels and vault maps discovered:
D:1:      saegor_arrival_simple_c, layout_rooms, st_stairs_3
D:2:      layout_loops_corners
D:3:      layout_loops_ring, vehumet_crystals, nicolae_ashenzari_panopticon
D:4:      layout_layer_cave, led_sif_book, okawaru_gym_becter,
          chequers_hall_statues_y, uniq_eustachio
D:5:      layout_gridville, temple_statues, first_ration, uniq_blork_the_orc,
          uniq_sigmund
D:6:      layout_loops_ring, xom_butterflies, basic_altar,
          gammafunk_ghost_nasty_kobolds
D:7:      layout_basic
D:8:      lemuel_insect_pit, layout_basic, lemuel_round_altar,
          lemuel_round_altar, grunt_lair_entry_orc_guard_hut
D:9:      layout_cave_pods, old_standard_altar, old_standard_altar,
          lemuel_doored_altar, nicolae_overflow_hidden_temple, serial_shops,
          shop, grunt_livestock, kennysheep_doodads, uniq_joseph
D:10:     layout_basic, orc_0_dummy
Lair:1:   layout_chaotic_city, grunt_forest_small_clearing_treed
Lair:2:   layout_small_grid, minmay_shoals_entry_lonely_mermaid,
          minmay_snake_entry_guardpost_small, nicolae_volcano_entry_lava_flow
Volcano:  volcano_lake [vl_original]

Skill      XL: |  1  2  3  4  5  6  7  8  9 10 11 |
---------------+----------------------------------+-----
Unarmed Combat | 4 5 6 7 8 10 11 12 | 12.6
Transmutations | 4 5 |  5.3
Fighting       | 3 5 7 |  7.8
Dodging        | 6 9 11 | 11.3
Spellcasting   | |  2.0

Action                   |  1- 3 |  4- 6 |  7- 9 | 10-12 || total
-------------------------+-------+-------+-------+-------++-------
Melee: Unarmed           |    64 |   124 |   281 |   461 ||   930
       Constrict         |    14 |    24 |    22 |    14 ||    74
       Tentacles         |     8 |    23 |    25 |     8 ||    64
       Punch             |     3 |     4 |     5 |     6 ||    18
       Kick              |     2 |       |       |       ||     2
 Cast: Beastly Appendage |     1 |       |       |       ||     1
       Spider Form       |       |     3 |    23 |    50 ||    76
 Abil: End Transformatio |       |       |     1 |     1 ||     2
  Use: Potion            |     1 |     2 |     2 |     8 ||    13
       Scroll            |       |       |     3 |    10 ||    13
 Stab: Sleeping          |    10 |     4 |     6 |     3 ||    23
       Distracted        |       |       |       |     1 ||     1
  Eat: Chunk             |     2 |     5 |    10 |     9 ||    26
       Ration            |       |     2 |     2 |     5 ||     9
Armor: Skin              |     3 |     2 |     7 |     5 ||    17
Dodge: Dodged            |    26 |    65 |   201 |   448 ||   740
